 Dungeon Crawl Stone Soup version 0.20.1-1-g8b1a95d (webtiles) character file.

12639 Melbolja the Basher (level 12, 0/91 HPs)
             Began as a Human Berserker on Oct 8, 2017.
             Was an Elder of Trog.
             Slain by a yak (2 damage)
             ... on level 2 of the Lair of Beasts.
             The game lasted 01:07:36 (11235 turns).

Melbolja the Basher (Human Berserker)              Turns: 11235, Time: 01:07:38

Health: 0/91       AC: 19    Str: 20    XL:     12   Next: 22%
Magic:  12/12      EV: 10    Int:  8    God:    Trog [****..]
Gold:   547        SH:  0    Dex: 16    Spells: 11/11 levels left

rFire    + + +     SeeInvis .   N - +7 great mace "Firestarter" {inner flame, rF++}
rCold    . . .     Gourm    .   (shield currently unavailable)
rNeg     . . .     Faith    .   h - +1 chain mail
rPois    +         Spirit   .   I - +0 helmet
rElec    +         Reflect  .   K - +2 cloak {rPois}
rCorr    .         Harm     .   c - +0 pair of gloves
MR       ++...     Rnd*Tele +   o - +0 pair of boots
Stlth    ..........             (no amulet)
Regen    1.3/turn               q - +3 ring of strength
MPRegen  0.2/turn               v - ring "Betzur" {*Tele rElec rF+ Str-2}

@: berserk cooldown, regenerating, slowed, very slow
A: no striking features
a: Berserk, Trog's Hand, Brothers in Arms, Burn Spellbooks, Renounce Religion


You were on level 2 of the Lair of Beasts.
You worshipped Trog.
Trog was greatly pleased with you.
You were not hungry.

You visited 2 branches of the dungeon, and saw 13 of its levels.

You collected 547 gold pieces.

Inventory:

Hand Weapons
 a - a +0 mace
 b - a +0 shortbow
 z - a +7 trident of flaming
 G - a +2 flail of protection
 M - a +2 rapier of draining
 N - the +7 great mace "Firestarter" (weapon) {inner flame, rF++}
   (You found it on level 7 of the Dungeon)

   It has been specially enchanted to burn those struck by it, causing extra
   injury to most foes and up to half again as much damage against particularly
   susceptible opponents.
   It greatly protects you from fire.
Missiles
 x - 4 tomahawks (quivered)
Armour
 c - a +0 pair of gloves (worn)
 h - a +1 chain mail (worn)
 o - a +0 pair of boots (worn)
 s - a +1 buckler of protection
 I - a +0 helmet (worn)
 K - a +2 cloak of poison resistance (worn)
Jewellery
 e - an uncursed ring of positive energy
 j - an uncursed ring of resist corrosion
 q - a +3 ring of strength (left hand)
 t - an uncursed amulet of rage
 v - the ring "Betzur" (right hand) {*Tele rElec rF+ Str-2}
   (You found it on level 4 of the Dungeon)

   [ring of teleportation]

   It may teleport you next to monsters.
   It affects your strength (-2).
   It protects you from fire.
   It insulates you from electricity.
 J - an uncursed ring of poison resistance
Wands
 r - a wand of lightning (7/15)
 y - a wand of confusion (29/48)
 E - a wand of acid (11/15)
 L - a wand of acid (9/15)
 P - a wand of confusion (19/48)
 T - a wand of iceblast (11/15)
 U - a wand of polymorph (13/24)
 Y - a wand of paralysis (16/24)
Scrolls
 k - a scroll of blinking
 n - 3 scrolls of remove curse
 D - 4 scrolls of recharging
 H - 4 scrolls of teleportation
Potions
 d - 2 potions of agility {unknown}
 i - 2 potions of might {unknown}
 l - 4 potions of curing
 p - 2 potions of cancellation {unknown}
 u - 2 potions of mutation {unknown}
 A - a potion of invisibility {unknown}
 B - a potion of resistance {unknown}
 F - 2 potions of degeneration {unknown}
 Q - 2 potions of flight {unknown}
 W - a potion of brilliance {unknown}
 X - a potion of lignification {unknown}
Miscellaneous
 V - a phantom mirror
Comestibles
 f - 16 royal jellies
 m - 7 meat rations
 w - 2 fruits


   Skills:
 + Level 7.0 Fighting
 * Level 13.5 Maces & Flails
 - Level 5.2 Polearms
 + Level 8.9 Armour
 + Level 4.2 Dodging
 - Level 3.0 Shields


You had 11 spell levels left.
You didn't know any spells.

Dungeon Overview and Level Annotations

Branches:
Dungeon (11/15)            Temple (0/1) D:7            Lair (2/6) D:9
  Swamp: Lair:2-4    Shoals: Lair:2-4     Snake: Lair:2-4    Spider: Lair:2-4
    Orc: D:9-12

Altars:
Ru

Portals:
Bazaar: D:11


Message History

The six-headed hydra bites you but does no damage. x3
The six-headed hydra bites you.
* * * LOW HITPOINT WARNING * * *
The six-headed hydra bites you but does no damage.
You see here a plate armour.
You feel the effects of Trog's Hand fading.
The six-headed hydra bites you but does no damage. x2
The six-headed hydra bites you!
* * * LOW HITPOINT WARNING * * *
The six-headed hydra bites you but does no damage. x2
The six-headed hydra barely misses you.
There is a stone staircase leading up, spattered with blood here.
The six-headed hydra barely misses you.
The six-headed hydra bites you but does no damage. x2
The six-headed hydra barely misses you.
The six-headed hydra bites you but does no damage.
The six-headed hydra bites you!
* * * LOW HITPOINT WARNING * * *
The yak gores you.
You die...

...........#.....
##..........#....
##........$.......
#.................
#......†.#....D..
#........#.#P....
#...[...#### .P#.
##P.#...##Y######..#
#........YD@.......
####....F.YY......#
#......Y#...####..
..........##P#
............ ##
............#
.............
?...........#


You could see a six-headed hydra, 5 yaks and a spiny frog.

Vanquished Creatures
  3 hydras
  The ghost of Andry07 the Basher, a journeyman GrFi of Okawaru (D:10)
  2 two-headed ogres
  A manticore (D:10)
  Maurice (D:8)
  A black mamba (Lair:2)
  A rime drake (Lair:2)
  3 trolls (D:10)
  A hornet (D:10)
  Prince Ribbit (D:5)
  Grinder (D:3)
  A hippogriff (Lair:1)
  A wyvern (D:6)
  5 yaks (D:9)
  Eustachio (D:6)
  A steam dragon (D:11)
  Menkaure (D:5)
  2 water moccasins
  A porcupine (Lair:2)
  2 sky beasts
  3 orc warriors
  An ice beast (D:9)
  2 necrophages
  5 ogres
  A phantom (D:4)
  2 centaurs
  2 big kobolds
  2 crocodiles
  4 bullfrogs
  2 wyvern skeletons
  A water moccasin skeleton (D:5)
  2 scorpions
  9 wights
  6 killer bees
  3 electric eels
  3 crimson imps (D:5)
  4 howler monkeys
  A lava snake (D:10)
  6 hounds
  4 orc priests
  Crazy Yiuf (D:5)
  4 jellies
  11 orc wizards
  2 bullfrog skeletons
  2 iguanas
  2 worker ants
  A hound zombie (D:7)
  3 gnolls (D:3)
  12 adders
  A howler monkey skeleton (D:7)
  A shadow imp (D:6)
  8 oozes
  2 adder zombies
  An adder skeleton (D:8)
  2 worms
  3 dart slugs
  5 leopard geckos
  30 orcs
  A ball python (D:1)
  6 giant cockroaches
  5 hobgoblins
  27 jackals
  3 quokkas
  A ball python zombie (D:5)
  7 bats
  5 frilled lizards
  2 goblins
  A jackal skeleton (D:5)
  14 kobolds
  9 rats
  A plant (Lair:1)
267 creatures vanquished.

Vanquished Creatures (others)
  An orc (D:9)
1 creature vanquished.

Grand Total: 268 creatures vanquished

Notes
Turn   | Place    | Note
-------+----------+-------------------------------------------
     0 | D:1      | Melbolja the Human Berserker began the quest for the Orb.
     0 | D:1      | Reached XP level 1. HP: 18/18 MP: 1/1
    17 | D:1      | Reached XP level 2. HP: 17/24 MP: 2/2
   228 | D:1      | Reached XP level 3. HP: 19/29 MP: 3/3
   809 | D:2      | Reached XP level 4. HP: 33/35 MP: 4/4
   820 | D:2      | Reached ** piety under Trog
   879 | D:2      | Reached skill level 4 in Maces & Flails
  1198 | D:3      | Found a sacrificial altar of Ru.
  1218 | D:3      | Reached XP level 5. HP: 41/41 MP: 5/5
  1323 | D:3      | Noticed Grinder
  1339 | D:3      | Paralysed by Grinder for 7 turns
  1351 | D:3      | Killed Grinder
  1351 | D:3      | Reached skill level 5 in Maces & Flails
  1351 | D:3      | Reached XP level 6. HP: 9/48 MP: 6/6
  2334 | D:3      | Reached XP level 7. HP: 51/53 MP: 7/7
  2556 | D:4      | Got a steaming steel ring
  2557 | D:4      | Identified the ring "Betzur" {*Tele rElec rF+ Str-2} (You found it on level 4 of the Dungeon)
  3066 | D:4      | Reached skill level 6 in Maces & Flails
  3066 | D:4      | Reached skill level 5 in Armour
  3272 | D:5      | Entered Level 5 of the Dungeon
  3290 | D:5      | Reached XP level 8. HP: 58/60 MP: 8/8
  3447 | D:5      | Noticed Menkaure
  3454 | D:5      | Killed Menkaure
  3454 | D:5      | Reached skill level 1 in Polearms
  3474 | D:5      | Noticed Prince Ribbit
  3496 | D:5      | Killed Prince Ribbit
  3712 | D:5      | Reached skill level 5 in Fighting
  3821 | D:5      | Reached XP level 9. HP: 63/67 MP: 9/9
  3919 | D:5      | Reached *** piety under Trog
  4052 | D:5      | Found a runed door.
  4209 | D:5      | Noticed Crazy Yiuf
  4217 | D:5      | Killed Crazy Yiuf
  4367 | D:6      | Reached skill level 5 in Polearms
  5037 | D:6      | Noticed Eustachio
  5048 | D:6      | Killed Eustachio
  5048 | D:6      | Reached skill level 1 in Shields
  5314 | D:7      | Found a staircase to the Ecumenical Temple.
  5624 | D:6      | Reached skill level 7 in Maces & Flails
  6313 | D:7      | Reached XP level 10. HP: 74/75 MP: 10/10
  6646 | D:8      | Noticed Maurice
  6653 | D:8      | Killed Maurice
  6653 | D:8      | Reached skill level 8 in Maces & Flails
  7102 | D:8      | Reached skill level 9 in Maces & Flails
  7104 | D:8      | Reached **** piety under Trog
  7462 | D:9      | Reached skill level 10 in Maces & Flails
  7691 | D:9      | Found a staircase to the Lair.
  7720 | D:9      | Noticed a two-headed ogre
  7726 | D:9      | Killed a two-headed ogre
  7822 | D:10     | Entered Level 10 of the Dungeon
  7876 | D:10     | Noticed a two-headed ogre
  7885 | D:10     | Killed a two-headed ogre
  7885 | D:10     | HP: 4/112 [troll/exploding inner flame[the player character] (8)]
  7885 | D:10     | Reached XP level 11. HP: 4/80 MP: 11/11
  7885 | D:10     | Reached skill level 11 in Maces & Flails
  7900 | D:11     | HP: 2/80 [hound/exploding inner flame[the player character] (6)]
  8017 | D:11     | Found a flickering gateway to a bazaar.
  8363 | D:10     | Noticed Andry07's ghost (journeyman GrFi)
  8372 | D:10     | Reached ***** piety under Trog
  8383 | D:10     | Killed Andry07's ghost
  8383 | D:10     | HP: 1/124 [Andry07's ghost/exploding inner flame[the player character] (7)]
  8383 | D:10     | Reached skill level 12 in Maces & Flails
  9196 | D:10     | Noticed a manticore
  9201 | D:10     | Killed a manticore
  9388 | D:10     | HP: 5/124 [troll/exploding inner flame[the player character] (6)]
 10487 | Lair:1   | Entered Level 1 of the Lair of Beasts
 10519 | Lair:1   | Noticed an eight-headed hydra
 10531 | Lair:1   | Killed an eight-headed hydra
 10833 | Lair:1   | Noticed an eight-headed hydra
 10839 | Lair:1   | Killed an eight-headed hydra
 10839 | Lair:1   | Reached skill level 13 in Maces & Flails
 10839 | Lair:1   | Reached XP level 12. HP: 89/89 MP: 12/12
 11209 | Lair:2   | Noticed a six-headed hydra
 11219 | Lair:2   | Killed a six-headed hydra
 11221 | Lair:2   | Noticed a six-headed hydra
 11235 | Lair:2   | HP: 2/91 [six-headed hydra (9)]
 11235 | Lair:2   | Slain by a yak

Skill      XL: |  1  2  3  4  5  6  7  8  9 10 11 12 |
---------------+-------------------------------------+-----
Maces & Flails | 4 5 6 7 10 13 | 13.5
Armour         | 4 5 6 7 8 |  8.9
Fighting       | 4 5 6 7 |  7.0
Polearms       | 3 5 |  5.2
Dodging        | 3 4 |  4.2
Shields        | 2 3 |  3.0

Action                   |  1- 3 |  4- 6 |  7- 9 | 10-12 || total
-------------------------+-------+-------+-------+-------++-------
Melee: Mace              |    99 |   134 |   111 |       ||   344
       Trident           |       |       |    97 |       ||    97
       Flail             |       |       |   135 |       ||   135
       Great mace        |       |       |    10 |   251 ||   261
Throw: Stone             |       |       |     2 |       ||     2
Invok: Berserk           |       |     3 |     6 |     6 ||    15
       Trog's Hand       |       |     2 |     6 |     6 ||    14
       Burn Spellbooks   |       |       |     2 |     1 ||     3
  Use: Scroll            |       |     5 |     7 |    14 ||    26
       Potion            |       |       |       |     4 ||     4
 Stab: Paralysed         |       |     4 |       |       ||     4
  Eat: Chunk             |       |     8 |     8 |     4 ||    20
       Bread ration      |       |       |     3 |     2 ||     5
       Meat ration       |       |       |       |     2 ||     2
Armor: Animal skin       |     4 |       |       |       ||     4
       Chain mail        |    76 |    89 |   236 |   227 ||   628
Dodge: Dodged            |    70 |    77 |   161 |   137 ||   445
Block: Buckler           |       |       |    29 |       ||    29
